[Event "FAI-ch Main 2020"]
[Site "Runavik"]
[Date "2020.10.23"]
[Round "1.1"]
[White "Gregersen, Einar"]
[Black "Dahl, Karl M"]
[Result "1-0"]
[ECO "B70"]
[WhiteElo "1758"]
[BlackElo "1590"]
[Annotator "NA RC"]
[PlyCount "63"]
[EventDate "2020.10.23"]
[EventType "swiss"]
[EventCountry "FAI"]
[SourceTitle "playchess.com"]
[Source "ChessBase"]
[SourceQuality "1"]
[TimeControl "40/5400+30:900+30"]

1. e4 c5 2. Nf3 d6 3. d4 cxd4 4. Nxd4 Nf6 5. Nc3 g6 6. Be2 Bg7 7. O-O O-O 8. Be3 Nc6 9. f4 a6 10. Kh1 Nxd4 11. Bxd4 b5 12. Bf3 Bb7 13. a3 Rc8 14. Qe1 Qc7 15. Rd1 Nd7 16. Bxg7 Kxg7 17. Qh4 Rfe8 18. Bg4 e6 19. f5 exf5 20. exf5 f6 21. fxg6 hxg6 22. Bxd7 Qxd7 23. Qxf6+ Kg8 24. Qxg6+ Qg7 25. Qxg7+ Kxg7 26. Rxd6 Rc7 27. h3 Re3 28. Kh2 Kh7 29. Rfd1 Ree7 30. R1d2 Rg7 31. Nd5 Rcf7 32. Nf6+ 1-0

[Event "FAI-ch Main 2020"]
[Site "Runavik"]
[Date "2020.10.23"]
[Round "1.2"]
[White "Joensen, Sigurd"]
[Black "Hojgaard, Brandur"]
[Result "1/2-1/2"]
[ECO "C24"]
[WhiteElo "1537"]
[BlackElo "1741"]
[Annotator "NA RC"]
[PlyCount "105"]
[EventDate "2020.10.23"]
[EventType "swiss"]
[EventCountry "FAI"]
[SourceTitle "playchess.com"]
[Source "ChessBase"]
[SourceQuality "1"]
[TimeControl "40/5400+30:900+30"]

1. e4 e5 2. Bc4 Nf6 3. d3 Bc5 4. h3 Nc6 5. Nf3 d6 6. Bg5 h6 7. Bh4 Be6 8. Nbd2 a6 9. c3 Qe7 10. Qe2 Bb6 11. Bb3 Bxb3 12. Nxb3 Qe6 13. Bxf6 Qxf6 14. O-O-O O-O-O 15. Kb1 Kb8 16. Rhf1 Rhf8 17. Nh2 Qe7 18. f4 f5 19. exf5 Rxf5 20. fxe5 Rxe5 21. Qf3 Re3 22. Qf7 Qg5 23. Ng4 Re7 24. Qf5 Qh4 25. d4 Rde8 26. Qf3 a5 27. Rd3 h5 28. Ne3 a4 29. Nd2 Qg5 30. Nd5 Re1+ 31. Rxe1 Rxe1+ 32. Kc2 Qg6 33. Nxb6 cxb6 34. Nc4 Ka7 35. a3 b5 36. Ne3 Na5 37. Qf2 Ra1 38. Nf5 d5 39. Rd1 Ra2 40. Kb1 Rxa3 41. bxa3 Nc4 42. Ka2 Qf6 43. Qf3 Qf8 44. Qf2 g6 45. g4 hxg4 46. hxg4 Qxa3+ 47. Kb1 Qb3+ 48. Kc1 Qxc3+ 49. Qc2 Qa1+ 50. Qb1 Qc3+ 51. Qc2 Qa1+ 52. Qb1 Qc3+ 53. Qc2 1/2-1/2

[Event "FAI-ch Main 2020"]
[Site "Runavik"]
[Date "2020.10.23"]
[Round "1.3"]
[White "Joensen, Henrik W."]
[Black "Bjarnasson, Bessi"]
[Result "1-0"]
[ECO "C44"]
[WhiteElo "1650"]
[BlackElo "1494"]
[Annotator "NA"]
[PlyCount "49"]
[EventDate "2020.10.23"]
[EventType "swiss"]
[EventCountry "FAI"]
[SourceTitle "playchess.com"]
[Source "ChessBase"]
[SourceQuality "1"]
[TimeControl "40/5400+30:900+30"]

1. e4 e5 2. Nf3 Nc6 3. d4 exd4 4. Bc4 Bb4+ 5. c3 dxc3 6. Nxc3 h6 7. O-O Nge7 8. Bf4 O-O 9. Nd5 Nxd5 10. exd5 Ne7 11. a3 Ba5 12. b4 Bb6 13. d6 Ng6 14. Bg3 a6 15. Qb3 c6 16. Rfe1 Ba7 17. h4 b5 18. Bd3 Kh8 19. h5 Qf6 20. hxg6 fxg6 21. Be5 Qd8 22. Bxg6 Rxf3 23. Qxf3 Bb7 24. Bxg7+ Kg8 25. Bf5 1-0

[Event "FAI-ch Main 2020"]
[Site "Runavik"]
[Date "2020.10.23"]
[Round "1.4"]
[White "Joensen, Jon Magnus"]
[Black "Tummasarson, Flovin M."]
[Result "0-1"]
[ECO "C50"]
[WhiteElo "1461"]
[BlackElo "1625"]
[Annotator "NA"]
[PlyCount "46"]
[EventDate "2020.10.23"]
[EventType "swiss"]
[EventCountry "FAI"]
[SourceTitle "playchess.com"]
[Source "ChessBase"]
[SourceQuality "1"]
[TimeControl "40/5400+30:900+30"]

1. e4 e5 2. Nf3 Nc6 3. Bc4 Bc5 4. O-O Nf6 5. d3 d6 6. h3 Be6 7. Bb3 Qd7 8. Bxe6 fxe6 9. Be3 Bb6 10. Bxb6 axb6 11. c3 O-O 12. Nh2 Ne7 13. Nd2 Ng6 14. Ng4 Nf4 15. Nxf6+ Rxf6 16. Nf3 Qf7 17. Ne1 Rf8 18. f3 Qh5 19. Kf2 Qh4+ 20. Ke3 Rg6 21. Qc2 Qg5 22. Kd2 Nxg2+ 23. Kd1 Ne3+ 0-1

[Event "FAI-ch Main 2020"]
[Site "Runavik"]
[Date "2020.10.23"]
[Round "1.5"]
[White "Morkore, Rogvi"]
[Black "Rasmussen, Gunnleif"]
[Result "1-0"]
[ECO "A25"]
[WhiteElo "1592"]
[BlackElo "1148"]
[Annotator "NA RC"]
[PlyCount "70"]
[EventDate "2020.10.23"]
[EventType "swiss"]
[EventCountry "FAI"]
[SourceTitle "playchess.com"]
[Source "ChessBase"]
[SourceQuality "1"]
[TimeControl "40/5400+30:900+30"]

1. c4 e5 2. Nc3 Nc6 3. g3 f5 4. Bg2 Nf6 5. e3 d5 6. Nxd5 Nxd5 7. cxd5 Nb4 8. d3 Nxd5 9. a3 Be6 10. Ne2 c6 11. O-O Bd6 12. b4 O-O 13. Bb2 Ne7 14. d4 Ng6 15. d5 cxd5 16. Bxd5 Qe7 17. Qb3 Rf6 18. Nf4 Nxf4 19. exf4 Bxd5 20. Qxd5+ Re6 21. fxe5 Bc7 22. Qxb7 Rb8 23. Qxa7 Rb5 24. a4 Rd5 25. Rad1 Rxd1 26. Rxd1 Bxe5 27. Qxe7 Rxe7 28. Re1 Bf6 29. Rxe7 Bxe7 30. b5 Bc5 31. a5 Bb4 32. a6 Bc5 33. Ba3 Bb6 34. Bd6 Kf7 35. Bc7 Kg8 1-0

[Event "FAI-ch Main 2020"]
[Site "Runavik"]
[Date "2020.10.24"]
[Round "2.1"]
[White "Tummasarson, Flovin M."]
[Black "Gregersen, Einar"]
[Result "1-0"]
[ECO "B08"]
[WhiteElo "1625"]
[BlackElo "1758"]
[Annotator "NA RC"]
[PlyCount "81"]
[EventDate "2020.10.23"]
[EventType "swiss"]
[EventCountry "FAI"]
[SourceTitle "playchess.com"]
[Source "ChessBase"]
[SourceQuality "1"]
[TimeControl "40/5400+30:900+30"]

1. e4 d6 2. d4 Nf6 3. Nc3 g6 4. Nf3 Bg7 5. Bc4 O-O 6. O-O Nxe4 7. Nxe4 d5 8. Bxd5 Qxd5 9. Re1 Bg4 10. c3 Nd7 11. h3 Bf5 12. Ng3 e6 13. Bf4 Rac8 14. Ne5 Nxe5 15. Bxe5 f6 16. Nxf5 exf5 17. Bh2 Qb5 18. Re7 Rf7 19. Rxf7 Kxf7 20. Qb3+ Qxb3 21. axb3 a6 22. h4 g5 23. Re1 f4 24. g3 g4 25. f3 fxg3 26. Bxg3 gxf3 27. Kf2 c6 28. Kxf3 h5 29. Bf4 Bf8 30. Re2 Bg7 31. Re1 f5 32. Bg5 Bf6 33. Kf4 Rg8 34. Rg1 Bxg5+ 35. Rxg5 Rxg5 36. Kxg5 Ke6 37. b4 b6 38. c4 a5 39. bxa5 bxa5 40. b3 c5 41. dxc5 1-0

[Event "FAI-ch Main 2020"]
[Site "Runavik"]
[Date "2020.10.24"]
[Round "2.3"]
[White "Hojgaard, Brandur"]
[Black "Morkore, Rogvi"]
[Result "0-1"]
[ECO "A46"]
[WhiteElo "1741"]
[BlackElo "1592"]
[Annotator "NA RC"]
[PlyCount "140"]
[EventDate "2020.10.23"]
[EventType "swiss"]
[EventCountry "FAI"]
[SourceTitle "playchess.com"]
[Source "ChessBase"]
[SourceQuality "1"]
[TimeControl "40/5400+30:900+30"]

1. d4 Nf6 2. Nf3 e6 3. Bf4 d5 4. e3 Bd6 5. Bg3 c5 6. c3 Qc7 7. Bd3 Nbd7 8. Nbd2 e5 9. dxe5 Nxe5 10. Nxe5 Bxe5 11. Nf3 Bxg3 12. hxg3 Bg4 13. Qa4+ Bd7 14. Qc2 h6 15. Nh4 Qe5 16. Bf5 O-O 17. Bxd7 Nxd7 18. O-O-O Nf6 19. Nf5 Ne4 20. Rxd5 Qe6 21. Rhd1 b6 22. Kb1 Rfe8 23. f3 Nf6 24. Rd6 Qe5 25. e4 Re6 26. Rd8+ Rxd8 27. Rxd8+ Kh7 28. g4 g6 29. Ne3 Qg3 30. Qd2 Nxe4 31. fxe4 Rxe4 32. Nd1 Qxg4 33. Qd6 Re1 34. Qd5 Kg7 35. Rd7 Rf1 36. Qe5+ Kh7 37. Qd5 Kg7 38. a3 Rf5 39. Qd2 Qe4+ 40. Ka1 Qa4 41. Rd8 Rf1 42. Qd6 Kh7 43. Qd5 a5 44. Rd7 Kg7 45. c4 Qc2 46. Ka2 a4 47. Qd3 Qxd3 48. Rxd3 Rf4 49. b3 h5 50. Nb2 Rf2 51. g3 g5 52. Kb1 axb3 53. Rxb3 h4 54. gxh4 gxh4 55. Rh3 Rf4 56. Kc2 Kf6 57. Kd3 Kf5 58. Ke3 Re4+ 59. Kf3 Rf4+ 60. Ke3 Re4+ 61. Kf2 Kg4 62. Rf3 f5 63. Nd3 f4 64. Nb2 h3 65. Rb3 Re2+ 66. Kg1 f3 67. Nd3 Kg3 68. Rb1 Re3 69. Rd1 Re2 70. Rf1 Rd2 0-1

[Event "FAI-ch Main 2020"]
[Site "Runavik"]
[Date "2020.10.24"]
[Round "2.4"]
[White "Dahl, Karl M"]
[Black "Joensen, Sigurd"]
[Result "1-0"]
[ECO "D20"]
[WhiteElo "1590"]
[BlackElo "1537"]
[Annotator "NA RC"]
[PlyCount "72"]
[EventDate "2020.10.23"]
[EventType "swiss"]
[EventCountry "FAI"]
[SourceTitle "playchess.com"]
[Source "ChessBase"]
[SourceQuality "1"]
[TimeControl "40/5400+30:900+30"]

1. d4 d5 2. c4 dxc4 3. Nc3 e6 4. e4 c6 5. a4 Bb4 6. Bxc4 Ne7 7. Nf3 O-O 8. O-O b6 9. Be3 Bxc3 10. bxc3 Ba6 11. Qe2 Bxc4 12. Qxc4 Qc8 13. a5 Nd7 14. axb6 axb6 15. Ng5 Nf6 16. f3 Rxa1 17. Rxa1 h6 18. Nh3 Ng6 19. Rb1 Nd7 20. Nf4 Nxf4 21. Bxf4 Re8 22. Be3 b5 23. Qb3 Kh8 24. c4 bxc4 25. Qxc4 f5 26. Rc1 fxe4 27. fxe4 e5 28. d5 Nb8 29. Ba7 Qa6 30. Qxa6 Nxa6 31. Rxc6 Nb4 32. Rc7 Nd3 33. d6 Rd8 34. d7 Kh7 35. Bb6 Ra8 36. Ra7 Rc8 1-0

[Event "FAI-ch Main 2020"]
[Site "Runavik"]
[Date "2020.10.24"]
[Round "2.5"]
[White "Bjarnasson, Bessi"]
[Black "Joensen, Jon Magnus"]
[Result "1-0"]
[ECO "C44"]
[WhiteElo "1494"]
[BlackElo "1461"]
[Annotator "NA RC"]
[PlyCount "119"]
[EventDate "2020.10.23"]
[EventType "swiss"]
[EventCountry "FAI"]
[SourceTitle "playchess.com"]
[Source "ChessBase"]
[SourceQuality "1"]
[TimeControl "40/5400+30:900+30"]

1. e4 e5 2. Nf3 Nc6 3. d4 exd4 4. Bc4 d6 5. O-O Ne5 6. Nxe5 dxe5 7. c3 c5 8. Qh5 Qc7 9. f4 Nf6 10. Qd1 Ng8 11. Qh5 g6 12. Qf3 Be6 13. Bxe6 fxe6 14. fxe5 O-O-O 15. cxd4 cxd4 16. Bg5 Be7 17. Rc1 Bxg5 18. Rxc7+ Kxc7 19. Qf7+ Ne7 20. Qxe6 Rhf8 21. Qc4+ Nc6 22. Na3 Kb8 23. Nb5 a6 24. Nd6 Be3+ 25. Kh1 Nxe5 26. Qd5 Nc6 27. g3 Kc7 28. e5 Rf5 29. Qb3 Rxe5 30. Nf7 Rb5 31. Qe6 Rd7 32. Rf1 Rxb2 33. Nd6 Rf2 34. Ne8+ Kd8 35. Rxf2 Bxf2 36. Nf6 Re7 37. Qg8+ Kc7 38. Nd5+ Kd6 39. Nxe7 Nxe7 40. Qd8+ Ke6 41. Qb6+ Ke5 42. Qxb7 Nd5 43. Qxa6 Nc3 44. a4 Ke4 45. Qe6+ Kf3 46. Qf6+ Ke2 47. Kg2 Be3 48. Qa6+ d3 49. Qc4 Nxa4 50. Qxa4 d2 51. Qc2 Ke1 52. Qc3 Ke2 53. Qc4+ Kd1 54. Kf3 Bh6 55. Qa4+ Ke1 56. Qb4 Kd1 57. Kf2 Kc2 58. Qa4+ Kd3 59. Qb3+ Kd4 60. Ke2 1-0

[Event "FAI-ch Main 2020"]
[Site "Runavik"]
[Date "2020.10.24"]
[Round "3.2"]
[White "Joensen, Henrik W."]
[Black "Tummasarson, Flovin M."]
[Result "0-1"]
[ECO "C55"]
[WhiteElo "1650"]
[BlackElo "1625"]
[Annotator "NA RC"]
[PlyCount "84"]
[EventDate "2020.10.23"]
[EventType "swiss"]
[EventCountry "FAI"]
[SourceTitle "playchess.com"]
[Source "ChessBase"]
[SourceQuality "1"]
[TimeControl "40/5400+30:900+30"]

1. e4 e5 2. Nf3 Nc6 3. d4 exd4 4. Bc4 Nf6 5. e5 d5 6. Bb5 Nd7 7. O-O Be7 8. c3 dxc3 9. Nxc3 O-O 10. Bf4 Nb6 11. h3 Bf5 12. Bd3 Qd7 13. a3 Rad8 14. Qc2 Bxd3 15. Qxd3 Rfe8 16. Rfe1 Nb8 17. Nd4 Na6 18. e6 fxe6 19. Nxe6 Nc5 20. Nxc5 Bxc5 21. b4 Rxe1+ 22. Rxe1 Be7 23. Nb5 c6 24. Nd4 Bf6 25. Nf5 Nc4 26. g4 Re8 27. Rxe8+ Qxe8 28. Nd6 Qe1+ 29. Kg2 Nxd6 30. Bxd6 Qe6 31. Bg3 Qe4+ 32. Qxe4 dxe4 33. f4 b5 34. Be1 Bb2 35. Kf2 Bd4+ 36. Ke2 Kf7 37. Bd2 a6 38. Be3 Bb2 39. Bc5 Ke6 40. Ke3 Kd5 41. f5 Bxa3 42. Bd4 Bc1+ 0-1

[Event "FAI-ch Main 2020"]
[Site "Runavik"]
[Date "2020.10.24"]
[Round "3.3"]
[White "Gregersen, Einar"]
[Black "Bjarnasson, Bessi"]
[Result "1-0"]
[ECO "C78"]
[WhiteElo "1758"]
[BlackElo "1494"]
[Annotator "NA RC"]
[PlyCount "67"]
[EventDate "2020.10.23"]
[EventType "swiss"]
[EventCountry "FAI"]
[SourceTitle "playchess.com"]
[Source "ChessBase"]
[SourceQuality "1"]
[TimeControl "40/5400+30:900+30"]

1. e4 e5 2. Nf3 Nc6 3. Bb5 a6 4. Ba4 Bc5 5. O-O Nf6 6. c3 O-O 7. d4 exd4 8. cxd4 Ba7 9. Re1 d6 10. h3 h6 11. Nc3 b5 12. Bc2 Bb7 13. a3 b4 14. axb4 Nxb4 15. Bb3 Re8 16. e5 dxe5 17. Nxe5 Nbd5 18. Bc4 Re7 19. Be3 Qd6 20. Ne2 Rae8 21. Ng3 Nxe3 22. fxe3 g6 23. Qd3 Rxe5 24. Qxg6+ Kh8 25. Qxh6+ Kg8 26. dxe5 Qxe5 27. Qg6+ Kh8 28. Bxf7 Qxb2 29. Nf5 Bxe3+ 30. Nxe3 Rxe3 31. Rxe3 Qxa1+ 32. Kh2 Qd4 33. Qh6+ Nh7 34. Re8# 1-0

[Event "FAI-ch Main 2020"]
[Site "Runavik"]
[Date "2020.10.24"]
[Round "3.4"]
[White "Rasmussen, Gunnleif"]
[Black "Dahl, Karl M"]
[Result "0-1"]
[ECO "B70"]
[WhiteElo "1148"]
[BlackElo "1590"]
[Annotator "NA RC"]
[PlyCount "48"]
[EventDate "2020.10.23"]
[EventType "swiss"]
[EventCountry "FAI"]
[SourceTitle "playchess.com"]
[Source "ChessBase"]
[SourceQuality "1"]
[TimeControl "40/5400+30:900+30"]

1. e4 c5 2. Nf3 d6 3. d4 cxd4 4. Nxd4 Nf6 5. Nc3 g6 6. Bb5+ Bd7 7. Bxd7+ Nbxd7 8. O-O Bg7 9. f3 O-O 10. Be3 a6 11. Qe1 Rc8 12. Qd2 b5 13. Nce2 Nb6 14. b3 e5 15. Nf5 gxf5 16. exf5 Nfd5 17. Bh6 Bxh6 18. Qxh6 Qf6 19. Qh5 Rxc2 20. f4 exf4 21. Kh1 Ne3 22. Nd4 Qxd4 23. Qg5+ Qg7 24. Qxf4 Qxg2# 0-1

[Event "FAI-ch Main 2020"]
[Site "Runavik"]
[Date "2020.10.24"]
[Round "3.5"]
[White "Joensen, Jon Magnus"]
[Black "Hojgaard, Brandur"]
[Result "1/2-1/2"]
[ECO "B51"]
[WhiteElo "1461"]
[BlackElo "1741"]
[Annotator "NA RC"]
[PlyCount "70"]
[EventDate "2020.10.23"]
[EventType "swiss"]
[EventCountry "FAI"]
[SourceTitle "playchess.com"]
[Source "ChessBase"]
[SourceQuality "1"]
[TimeControl "40/5400+30:900+30"]

1. e4 c5 2. Nf3 d6 3. Bb5+ Nc6 4. O-O a6 5. Bxc6+ bxc6 6. h3 e5 7. d3 Be7 8. Nh2 Bg5 9. f4 exf4 10. Bxf4 Bxf4 11. Rxf4 Nf6 12. Nd2 Be6 13. Qe2 O-O 14. b3 a5 15. a4 Ra7 16. Re1 Re7 17. Rff1 Nd7 18. Nhf3 f6 19. Qf2 Ne5 20. Qg3 Ref7 21. Rf2 Qc7 22. Nh4 Qd7 23. Nf5 Bxf5 24. Rxf5 g6 25. Rf2 Kg7 26. Ref1 Qe6 27. Nf3 Nxf3+ 28. Rxf3 Qd7 29. h4 Qe6 30. Rf5 Kh8 31. R5f3 Kg7 32. Rf4 Qe5 33. R4f3 Qxg3 34. Rxg3 f5 35. exf5 Rxf5 1/2-1/2

[Event "FAI-ch Main 2020"]
[Site "Runavik"]
[Date "2020.10.25"]
[Round "4.1"]
[White "Tummasarson, Flovin M."]
[Black "Morkore, Rogvi"]
[Result "1/2-1/2"]
[ECO "C01"]
[WhiteElo "1625"]
[BlackElo "1592"]
[Annotator "NA RC"]
[PlyCount "56"]
[EventDate "2020.10.23"]
[EventType "swiss"]
[EventCountry "FAI"]
[SourceTitle "playchess.com"]
[Source "ChessBase"]
[SourceQuality "1"]
[TimeControl "40/5400+30:900+30"]

1. e4 e6 2. d4 d5 3. exd5 exd5 4. c4 Nf6 5. Nc3 Bb4 6. Nf3 O-O 7. Be2 dxc4 8. Bxc4 Bg4 9. O-O Bxf3 10. Qxf3 Qxd4 11. Qxb7 Qxc4 12. Qxa8 Bd6 13. Qf3 Bxh2+ 14. Kxh2 Qxf1 15. b3 h5 16. Bb2 Qa6 17. Ne4 Nxe4 18. Qxe4 Nd7 19. Kg1 Nf6 20. Qf5 Re8 21. Rc1 Ng4 22. Qxh5 Qe2 23. Rf1 Qxb2 24. Qxg4 Qxa2 25. Qd7 Rb8 26. Qxc7 Rxb3 27. Qd8+ Kh7 28. Qh4+ Kg8 1/2-1/2

[Event "FAI-ch Main 2020"]
[Site "Runavik"]
[Date "2020.10.25"]
[Round "4.3"]
[White "Joensen, Sigurd"]
[Black "Gregersen, Einar"]
[Result "0-1"]
[ECO "B20"]
[WhiteElo "1537"]
[BlackElo "1758"]
[Annotator "NA RC"]
[PlyCount "96"]
[EventDate "2020.10.23"]
[EventType "swiss"]
[EventCountry "FAI"]
[SourceTitle "playchess.com"]
[Source "ChessBase"]
[SourceQuality "1"]
[TimeControl "40/5400+30:900+30"]

1. e4 c5 2. d3 d6 3. f4 Nc6 4. c3 g6 5. Nf3 Bg7 6. Be2 Nf6 7. O-O b5 8. a3 Bb7 9. Kh1 O-O 10. Ng5 a5 11. Qe1 b4 12. Qh4 h6 13. Nh3 bxc3 14. bxc3 c4 15. f5 cxd3 16. Bxd3 g5 17. Nxg5 hxg5 18. Qxg5 Ne5 19. Bc2 Bxe4 20. Bxe4 Nxe4 21. Qh4 d5 22. Bh6 Bxh6 23. Qxh6 Qd6 24. Qf4 Qf6 25. Ra2 Kh8 26. Re2 Rg8 27. Re3 Rg4 28. Rh3+ Kg7 29. Qe3 Rb8 30. Nd2 Nxd2 31. Qxd2 e6 32. Kg1 Qg5 33. f6+ Kg8 34. Qc2 Qg6 35. Qe2 Nc4 36. a4 Rb2 37. Qxg4 Qxg4 38. Rg3 Qxg3 39. hxg3 Kh7 40. Kh2 Ra2 41. Kh3 Rxa4 42. Rf4 Nb6 43. Rh4+ Rxh4+ 44. gxh4 a4 45. g4 a3 46. g5 a2 47. h5 a1=Q 48. g6+ fxg6 0-1

[Event "FAI-ch Main 2020"]
[Site "Runavik"]
[Date "2020.10.25"]
[Round "4.4"]
[White "Hojgaard, Brandur"]
[Black "Joensen, Henrik W."]
[Result "1/2-1/2"]
[ECO "A48"]
[WhiteElo "1741"]
[BlackElo "1650"]
[Annotator "NA RC"]
[PlyCount "147"]
[EventDate "2020.10.23"]
[EventType "swiss"]
[EventCountry "FAI"]
[SourceTitle "playchess.com"]
[Source "ChessBase"]
[SourceQuality "1"]
[TimeControl "40/5400+30:900+30"]

1. Nf3 Nf6 2. d4 g6 3. Bf4 Bg7 4. e3 d5 5. h3 c5 6. c3 O-O 7. Nbd2 cxd4 8. exd4 Nc6 9. Ne5 Nxe5 10. Bxe5 Nh5 11. Bxg7 Kxg7 12. Nf3 Qb6 13. Qd2 Bd7 14. Be2 Nf6 15. O-O Ne4 16. Qc2 Bf5 17. Nh4 Nd6 18. Nxf5+ Nxf5 19. Rfe1 Nd6 20. Bd3 Rfe8 21. Re5 e6 22. Re2 Qc7 23. Qd2 Nc4 24. Qg5 Rac8 25. Rc1 a6 26. h4 b5 27. h5 Qe7 28. Qg4 Qf6 29. g3 Nb6 30. a3 Nc4 31. Rce1 Rcd8 32. Kg2 Nd6 33. hxg6 hxg6 34. Rh1 Rh8 35. Ree1 Nc4 36. Bxc4 bxc4 37. Qd1 Rb8 38. Rxh8 Rxb2 39. Rh2 Qxf2+ 40. Kh3 Qxh2+ 41. Kg4 f5+ 42. Kf4 Rf2+ 43. Ke5 Qxg3+ 44. Kxe6 Qxc3 45. Kd7 Qf3 46. Re7+ Kh6 47. Qe1 c3 48. Qe5 c2 49. Qf6 Qf4 50. Re8 Kh5 51. Rh8+ Kg4 52. Rh4+ Kf3 53. Rxf4+ Kxf4 54. Qe5+ Kg4 55. Qe1 Kf3 56. Kd6 Re2 57. Qc1 Ke4 58. Kc5 Kd3 59. a4 Kc3 60. Kxd5 Kb3 61. Kc5 Kc3 62. d5 Re4 63. d6 Rc4+ 64. Kb6 Rb4+ 65. Kc5 Rb1 66. Qe3+ Kb2 67. Qd4+ Ka2 68. Qd2 Kb2 69. d7 Rd1 70. Qb4+ Ka2 71. Qc4+ Kb2 72. Qb4+ Ka2 73. Qc4+ Kb2 74. Qb4+ 1/2-1/2

[Event "FAI-ch Main 2020"]
[Site "Runavik"]
[Date "2020.10.25"]
[Round "4.5"]
[White "Bjarnasson, Bessi"]
[Black "Rasmussen, Gunnleif"]
[Result "0-1"]
[ECO "C50"]
[WhiteElo "1494"]
[BlackElo "1148"]
[Annotator "NA RC"]
[PlyCount "72"]
[EventDate "2020.10.23"]
[EventType "swiss"]
[EventCountry "FAI"]
[SourceTitle "playchess.com"]
[Source "ChessBase"]
[SourceQuality "1"]
[TimeControl "40/5400+30:900+30"]

1. e4 e5 2. Nf3 Nf6 3. Nc3 Nc6 4. Bc4 Bc5 5. d3 d6 6. h3 h6 7. O-O O-O 8. Be3 Bxe3 9. fxe3 Be6 10. Bb3 Qd7 11. a3 Bxb3 12. cxb3 Ne7 13. Nh4 c6 14. Qf3 Qe6 15. Qg3 Nh5 16. Qh2 Qxb3 17. Rf2 Ng6 18. Nf5 Qe6 19. Raf1 Ne7 20. Ne2 Nxf5 21. exf5 Qb3 22. Nc1 Qb6 23. g4 Nf6 24. Qg3 Nh7 25. h4 f6 26. g5 fxg5 27. hxg5 Nxg5 28. f6 gxf6 29. Rxf6 Rxf6 30. Rxf6 Kg7 31. Rxd6 Qc5 32. Rd7+ Kg6 33. Ne2 Rf8 34. Nc3 Rf3 35. Qe1 Rxe3 36. Qh4 Nf3+ 0-1

[Event "FAI-ch Main 2020"]
[Site "Runavik"]
[Date "2020.10.30"]
[Round "5.2"]
[White "Gregersen, Einar"]
[Black "Morkore, Rogvi"]
[Result "1-0"]
[ECO "C01"]
[WhiteElo "1758"]
[BlackElo "1592"]
[Annotator "NA RC"]
[PlyCount "47"]
[EventDate "2020.10.23"]
[EventType "swiss"]
[EventCountry "FAI"]
[SourceTitle "playchess.com"]
[Source "ChessBase"]
[SourceQuality "1"]
[TimeControl "40/5400+30:900+30"]

1. e4 e6 2. d4 d5 3. exd5 exd5 4. Nf3 Bd6 5. Bd3 Ne7 6. O-O h6 7. Ne5 Bxe5 8. dxe5 Bf5 9. Re1 Bxd3 10. Qxd3 O-O 11. Nc3 c6 12. Ne2 Ng6 13. Nd4 Nd7 14. f4 Nc5 15. Qf3 Ne4 16. g3 Qd7 17. Qh5 Ne7 18. f5 c5 19. f6 cxd4 20. fxg7 Kxg7 21. Bxh6+ Kg8 22. Rxe4 f5 23. Qg5+ Kf7 24. e6+ 1-0

[Event "FAI-ch Main 2020"]
[Site "Runavik"]
[Date "2020.10.30"]
[Round "5.3"]
[White "Hojgaard, Brandur"]
[Black "Dahl, Karl M"]
[Result "1-0"]
[ECO "D02"]
[WhiteElo "1741"]
[BlackElo "1590"]
[Annotator "NA RC"]
[PlyCount "75"]
[EventDate "2020.10.23"]
[EventType "swiss"]
[EventCountry "FAI"]
[SourceTitle "playchess.com"]
[Source "ChessBase"]
[SourceQuality "1"]
[TimeControl "40/5400+30:900+30"]

1. d4 Nf6 2. Nf3 d5 3. Bf4 e6 4. e3 c5 5. c3 Bd6 6. Bg3 O-O 7. Nbd2 Nc6 8. Bd3 Re8 9. Ne5 Bxe5 10. dxe5 Nd7 11. f4 c4 12. Bc2 Qb6 13. O-O Qxb2 14. Nf3 Qxc3 15. Bxh7+ Kxh7 16. Ng5+ Kg6 17. Qg4 Ndxe5 18. Qh4 f5 19. Qh7+ Kf6 20. fxe5+ Nxe5 21. Bh4 Qxe3+ 22. Kh1 Nd3 23. Ne4+ Ke5 24. Ng5 Kd6 25. Qxg7 Bd7 26. Rab1 Kc6 27. Rxb7 Kxb7 28. Qxd7+ Ka6 29. Rb1 Nb2 30. Qd6+ Ka5 31. Be1+ c3 32. Qa3+ Kb5 33. Bxc3 Kc4 34. Qb4+ Kd3 35. Bxb2 Rab8 36. Qc3+ Ke2 37. Re1+ Kf2 38. Qxe3# 1-0

[Event "FAI-ch Main 2020"]
[Site "Runavik"]
[Date "2020.10.30"]
[Round "5.4"]
[White "Rasmussen, Gunnleif"]
[Black "Joensen, Jon Magnus"]
[Result "0-1"]
[ECO "C50"]
[WhiteElo "1148"]
[BlackElo "1461"]
[Annotator "NA RC"]
[PlyCount "112"]
[EventDate "2020.10.23"]
[EventType "swiss"]
[EventCountry "FAI"]
[SourceTitle "playchess.com"]
[Source "ChessBase"]
[SourceQuality "1"]
[TimeControl "40/5400+30:900+30"]

1. e4 e5 2. Bc4 Bc5 3. Nf3 Nc6 4. d3 h6 5. O-O Nf6 6. c3 d6 7. h3 O-O 8. Be3 Bb6 9. Nbd2 Be6 10. Bb3 Qe7 11. Nc4 Nh7 12. Nxb6 axb6 13. Qd2 f5 14. Qc2 f4 15. Bxe6+ Qxe6 16. Bd2 Kh8 17. a3 g5 18. d4 Ne7 19. dxe5 dxe5 20. Nh2 Nf6 21. f3 Nh5 22. Rfd1 Rad8 23. c4 Qc6 24. Be1 Rd6 25. b4 Nf6 26. b5 Qd7 27. Bc3 Qe6 28. Rxd6 cxd6 29. Bb4 Rc8 30. c5 bxc5 31. Be1 b6 32. a4 d5 33. a5 Ra8 34. Ra4 h5 35. axb6 Rxa4 36. Qxa4 Qxb6 37. Bf2 d4 38. Qa6 Qxa6 39. bxa6 Nc8 40. h4 gxh4 41. Bxh4 Kg7 42. Nf1 c4 43. Nd2 c3 44. Nb3 Nd7 45. a7 Nxa7 46. Be7 Kf7 47. Ba3 Nb5 48. Bc1 Ke6 49. Kf2 h4 50. Ke2 Kd6 51. Kd3 Nc5+ 52. Nxc5 Kxc5 53. Kc2 Kc4 54. Bd2 d3+ 55. Kd1 cxd2 56. Kxd2 Nd4 0-1

[Event "FAI-ch Main 2020"]
[Site "Runavik"]
[Date "2020.10.30"]
[Round "5.5"]
[White "Joensen, Henrik W."]
[Black "Joensen, Sigurd"]
[Result "1-0"]
[ECO "C41"]
[WhiteElo "1650"]
[BlackElo "1537"]
[Annotator "NA RC"]
[PlyCount "41"]
[EventDate "2020.10.23"]
[EventType "swiss"]
[EventCountry "FAI"]
[SourceTitle "playchess.com"]
[Source "ChessBase"]
[SourceQuality "1"]
[TimeControl "40/5400+30:900+30"]

1. e4 e5 2. Nf3 d6 3. d4 exd4 4. Nxd4 Nc6 5. Bc4 Nxd4 6. Qxd4 Qf6 7. Qd3 Be6 8. O-O Bxc4 9. Qxc4 Qd8 10. Nc3 Ne7 11. Be3 Nc6 12. f4 Qe7 13. Nd5 Qd8 14. Rad1 Be7 15. Rfe1 O-O 16. e5 Kh8 17. g4 f6 18. Nxe7 Nxe5 19. fxe5 Qxe7 20. exd6 cxd6 21. Bf4 1-0

[Event "FAI-ch Main 2020"]
[Site "Runavik"]
[Date "2020.10.31"]
[Round "6.1"]
[White "Tummasarson, Flovin M."]
[Black "Hojgaard, Brandur"]
[Result "1-0"]
[ECO "C77"]
[WhiteElo "1625"]
[BlackElo "1741"]
[Annotator "NA RC"]
[PlyCount "115"]
[EventDate "2020.10.23"]
[EventType "swiss"]
[EventCountry "FAI"]
[SourceTitle "playchess.com"]
[Source "ChessBase"]
[SourceQuality "1"]
[TimeControl "40/5400+30:900+30"]

1. e4 e5 2. Nf3 Nc6 3. Bb5 a6 4. Ba4 Nf6 5. d3 b5 6. Bb3 d6 7. c3 Be7 8. O-O Na5 9. Bc2 c5 10. Re1 Bg4 11. Nbd2 Nc6 12. h3 Bd7 13. Nf1 h6 14. Ng3 g5 15. Nh2 Qc8 16. a4 b4 17. Bd2 a5 18. Bb3 g4 19. hxg4 Nxg4 20. Qf3 f6 21. Bd5 Kd8 22. Nf5 Nxh2 23. Kxh2 Bxf5 24. exf5 Ra6 25. Rac1 Kc7 26. Bxc6 Rxc6 27. cxb4 axb4 28. Bxb4 Qa6 29. Bc3 Qa8 30. a5 Ra6 31. Qe3 Rg8 32. f3 Kd7 33. Re2 d5 34. d4 cxd4 35. Bxd4 Rc6 36. Rxc6 Qxc6 37. Bb6 d4 38. Bxd4 Bd6 39. Bc3 Qc7 40. Rd2 Ke7 41. Qe4 Rg5 42. g4 h5 43. Bb4 Bxb4 44. Qxb4+ Kf7 45. Kh3 hxg4+ 46. fxg4 Qc6 47. Qb3+ Kg7 48. Qd5 Qc1 49. Qg2 Qe1 50. Qf2 Qh1+ 51. Kg3 Qh5 52. Qa7+ Kh6 53. Qe3 Qxg4+ 54. Kf2 Qxf5+ 55. Ke1 Qb1+ 56. Ke2 Kg7 57. Rd7+ Kf8 58. Qc5+ 1-0